[Event "European Online Club-ch-F 2021"]
[Site "Online"]
[Date "2021.03.27"]
[Round "8.19"]
[White "Druska, Juraj"]
[Black "Can, Isik"]
[Result "1/2-1/2"]
[ECO "B13"]
[WhiteElo "2495"]
[BlackElo "2380"]
[Annotator "ChessBase"]
[PlyCount "91"]
[EventDate "2021.03.27"]
[EventType "team-tourn"]
[EventCountry "NET"]
[SourceTitle "playchess.com"]
[Source "ChessBase"]
[SourceQuality "1"]
[TimeControl "900+5"]

1. e4 c6 2. d4 d5 3. exd5 cxd5 4. Bd3 Nc6 5. c3 g6 6. Nf3 Bf5 7. Be2 Bg7 8. O-O e6 9. h3 Bxb1 10. Rxb1 Nge7 11. Bf4 O-O 12. Qd2 Nf5 13. Bd3 Nd6 14. Rfe1 a6 15. Bh6 b5 16. h4 Nc4 17. Bxc4 bxc4 18. h5 Bxh6 19. Qxh6 Qf6 20. hxg6 hxg6 21. Ng5 Qh8 22. Qxh8+ Kxh8 23. Nxe6 fxe6 24. Rxe6 Rac8 25. Rxg6 Rg8 26. Re6 Rge8 27. Rbe1 Rxe6 28. Rxe6 Kg7 29. Rd6 Ne7 30. Rxa6 Rb8 31. Re6 Ng6 32. b3 Nf4 33. Rc6 cxb3 34. axb3 Rxb3 35. c4 Ne2+ 36. Kh2 dxc4 37. Rxc4 Rd3 38. g3 Nxd4 39. Kg2 Kf6 40. Ra4 Rd2 41. Ra6+ Ke5 42. Ra5+ Ke4 43. Ra4 Ke5 44. Ra5+ Ke4 45. Ra4 Ke5 46. Ra5+ 1/2-1/2

[Event "European Online Club-ch-F 2021"]
[Site "Online"]
[Date "2021.03.27"]
[Round "8.20"]
[White "Kamer, Kayra"]
[Black "Jablonicky, Martin"]
[Result "0-1"]
[ECO "C47"]
[WhiteElo "2339"]
[BlackElo "2298"]
[Annotator "NA"]
[PlyCount "114"]
[EventDate "2021.03.27"]
[EventType "team-tourn"]
[EventCountry "NET"]
[SourceTitle "playchess.com"]
[Source "ChessBase"]
[SourceQuality "1"]
[TimeControl "900+5"]

1. e4 e5 2. Nf3 Nf6 3. Nc3 Nc6 4. d4 exd4 5. Nxd4 Bb4 6. Nxc6 bxc6 7. Bd3 d5 8. exd5 O-O 9. O-O cxd5 10. Bg5 c6 11. Qf3 Bd6 12. Ne2 Rb8 13. Nd4 Bd7 14. Nf5 Be5 15. Qh3 g6 16. Nh6+ Kg7 17. Qh4 Qb6 18. Kh1 Ng8 19. f4 Bxb2 20. f5 Bxa1 21. Nxg8 Kxg8 22. f6 h5 23. Bd2 Qd4 24. Qg5 Qg4 25. Rxa1 Qxg5 26. Bxg5 Rfe8 27. h3 c5 28. c4 dxc4 29. Bxc4 Rb2 30. Rd1 Ba4 31. Rd6 Bb5 32. Bd5 c4 33. a4 Bxa4 34. Bxc4 Bb3 35. Bb5 Rb8 36. Bd3 Be6 37. Bxg6 R2b6 38. Rxb6 Rxb6 39. Bxh5 a5 40. Kh2 a4 41. Bc1 Rb1 42. Ba3 Ra1 43. Bb2 Ra2 44. Be5 Bd5 45. h4 a3 46. Kg3 Rxg2+ 47. Kf4 a2 48. Bg4 Rg1 49. h5 a1=Q 50. Bxa1 Rxa1 51. Kg5 Rg1 52. Kh6 Rf1 53. Bf5 Kf8 54. Bg6 fxg6 55. hxg6 Rxf6 56. Kh7 Be4 57. Kh8 Rxg6 0-1

[Event "European Online Club-ch-F 2021"]
[Site "Online"]
[Date "2021.03.27"]
[Round "9.1"]
[White "Ozen, Deniz"]
[Black "Pulkkinen, Kari"]
[Result "1/2-1/2"]
[ECO "B10"]
[WhiteElo "2397"]
[BlackElo "2256"]
[Annotator "NA"]
[PlyCount "79"]
[EventDate "2021.03.27"]
[EventType "team-tourn"]
[EventCountry "NET"]
[SourceTitle "playchess.com"]
[Source "ChessBase"]
[SourceQuality "1"]
[TimeControl "900+5"]

1. e4 c5 2. Nf3 g6 3. c3 Bg7 4. d4 cxd4 5. cxd4 d5 6. exd5 Nf6 7. Bb5+ Nbd7 8. d6 O-O 9. O-O exd6 10. Nc3 a6 11. Bd3 b5 12. Bf4 Nb6 13. Re1 Bb7 14. Ne4 Nxe4 15. Bxe4 Bxe4 16. Rxe4 Nd5 17. Bg3 Qd7 18. Qb3 Nf6 19. Re2 Rfe8 20. Rae1 Rxe2 21. Rxe2 Rc8 22. Rc2 Ne4 23. Qd3 Rxc2 24. Qxc2 Nxg3 25. hxg3 Qe6 26. b3 d5 27. Qc7 h6 28. a4 bxa4 29. bxa4 g5 30. a5 g4 31. Ne5 Bxe5 32. dxe5 Kh7 33. f4 gxf3 34. gxf3 d4 35. Qd6 Qc4 36. Qd7 Kg8 37. Qd8+ Kh7 38. Qd7 Kg8 39. Qd8+ Kh7 40. Qd7 1/2-1/2

[Event "European Online Club-ch-F 2021"]
[Site "Online"]
[Date "2021.03.27"]
[Round "9.2"]
[White "Prieur, Eetu"]
[Black "Can, Isik"]
[Result "1-0"]
[ECO "B12"]
[WhiteElo "2172"]
[BlackElo "2380"]
[Annotator "NA"]
[PlyCount "47"]
[EventDate "2021.03.27"]
[EventType "team-tourn"]
[EventCountry "NET"]
[SourceTitle "playchess.com"]
[Source "ChessBase"]
[SourceQuality "1"]
[TimeControl "900+5"]

1. e4 c6 2. d4 d5 3. e5 Bf5 4. Nc3 e6 5. g4 Bg6 6. Nge2 c5 7. h4 h5 8. Nf4 Bh7 9. Nxh5 Nc6 10. Bb5 cxd4 11. Qxd4 Nge7 12. Bh6 a6 13. Bxc6+ Nxc6 14. Qf4 gxh6 15. Nf6+ Ke7 16. Nfxd5+ exd5 17. O-O-O d4 18. Qf6+ Ke8 19. Qxh8 Bg6 20. e6 fxe6 21. Rhe1 Bf7 22. Ne4 Qxh4 23. Nd6+ Ke7 24. Nf5+ 1-0

[Event "European Online Club-ch-F 2021"]
[Site "Online"]
[Date "2021.03.27"]
[Round "9.3"]
[White "Ozen, Bahadir"]
[Black "Graeffe, Petri"]
[Result "1-0"]
[ECO "C00"]
[WhiteElo "2369"]
[BlackElo "2043"]
[Annotator "NA"]
[PlyCount "67"]
[EventDate "2021.03.27"]
[EventType "team-tourn"]
[EventCountry "NET"]
[SourceTitle "playchess.com"]
[Source "ChessBase"]
[SourceQuality "1"]
[TimeControl "900+5"]

1. g3 d5 2. Bg2 e6 3. d3 Nf6 4. Nd2 c5 5. e4 Nc6 6. Nh3 Be7 7. O-O b5 8. f4 a5 9. Nf2 a4 10. a3 Qb6 11. g4 h5 12. g5 Ng4 13. Nxg4 hxg4 14. Qxg4 Bd7 15. c3 O-O-O 16. Qe2 f6 17. Nf3 fxg5 18. Nxg5 Bxg5 19. fxg5 Qc7 20. Bf4 e5 21. Bg3 d4 22. Rac1 Qd6 23. Bf3 Kb7 24. c4 b4 25. Bg4 Be8 26. h4 Qe7 27. Rf2 Bd7 28. Rcf1 Ka6 29. Rf7 Bxg4 30. Qxg4 Qe8 31. Rxg7 Qh5 32. Qxh5 Rxh5 33. Rg6 Kb7 34. Rf7+ 1-0

[Event "European Online Club-ch-F 2021"]
[Site "Online"]
[Date "2021.03.27"]
[Round "9.4"]
[White "Kivilahti, Rami"]
[Black "Kamer, Kayra"]
[Result "0-1"]
[ECO "A48"]
[WhiteElo "1962"]
[BlackElo "2339"]
[Annotator "NA"]
[PlyCount "52"]
[EventDate "2021.03.27"]
[EventType "team-tourn"]
[EventCountry "NET"]
[SourceTitle "playchess.com"]
[Source "ChessBase"]
[SourceQuality "1"]
[TimeControl "900+5"]

1. d4 Nf6 2. Nf3 g6 3. Bf4 Bg7 4. c3 O-O 5. Nbd2 d6 6. e4 c5 7. Bd3 cxd4 8. cxd4 Nc6 9. h3 Bd7 10. O-O Nxd4 11. Nxd4 e5 12. Bxe5 dxe5 13. Ne2 Bxh3 14. Qc2 Rc8 15. Nc3 Qd7 16. Nc4 Nh5 17. Nd5 b5 18. gxh3 bxc4 19. Bxc4 Qxh3 20. Rac1 Bh6 21. Qc3 Qg4+ 22. Kh2 Bf4+ 23. Nxf4 Nxf4 24. Qg3 Qh5+ 25. Kg1 Rxc4 26. Rxc4 Ne2+ 0-1

[Event "European Online Club-ch-F 2021"]
[Site "Online"]
[Date "2021.03.27"]
[Round "9.5"]
[White "Hellers, Ferdinand"]
[Black "Pechac, Jergus"]
[Result "0-1"]
[ECO "D02"]
[WhiteElo "2592"]
[BlackElo "2507"]
[Annotator "ChessBase"]
[PlyCount "48"]
[EventDate "2021.03.27"]
[EventType "team-tourn"]
[EventCountry "NET"]
[SourceTitle "playchess.com"]
[Source "ChessBase"]
[SourceQuality "1"]
[TimeControl "900+5"]

1. d4 Nf6 2. Nf3 d5 3. Bf4 c5 4. e3 Nc6 5. c3 Qb6 6. Qb3 c4 7. Qc2 Bf5 8. Qc1 Nh5 9. Bg5 f6 10. Bh4 g5 11. Bg3 e5 12. Be2 O-O-O 13. b3 cxb3 14. axb3 Nxg3 15. hxg3 Qxb3 16. dxe5 fxe5 17. Nbd2 Qb6 18. Nxg5 Rd7 19. Ngf3 Bg7 20. O-O Kb8 21. Qa3 h5 22. Nh4 Bh7 23. e4 dxe4 24. Rfc1 Rxd2 0-1

[Event "European Online Club-ch-F 2021"]
[Site "Online"]
[Date "2021.03.27"]
[Round "9.6"]
[White "Druska, Juraj"]
[Black "Rogule, Laura"]
[Result "1-0"]
[ECO "A29"]
[WhiteElo "2495"]
[BlackElo "2286"]
[Annotator "ChessBase"]
[PlyCount "61"]
[EventDate "2021.03.27"]
[EventType "team-tourn"]
[EventCountry "NET"]
[SourceTitle "playchess.com"]
[Source "ChessBase"]
[SourceQuality "1"]
[TimeControl "900+5"]

1. c4 e5 2. g3 Nf6 3. Bg2 d5 4. cxd5 Nxd5 5. Nf3 Nc6 6. O-O Nb6 7. Nc3 Be7 8. d3 O-O 9. b3 Re8 10. Bb2 Bf8 11. Rc1 f6 12. Re1 Be6 13. Ne4 a5 14. a3 Nd5 15. Nc5 Bxc5 16. Rxc5 Ra6 17. Qc2 Nde7 18. Rc1 Nf5 19. Qd1 Re7 20. Nd2 Nfd4 21. Bxd4 Nxd4 22. Bxb7 Rb6 23. Be4 Nxb3 24. Nxb3 Bxb3 25. Qd2 a4 26. Qc3 Qd6 27. Qa5 g6 28. Qa7 f5 29. Rxc7 Rxc7 30. Rxc7 fxe4 31. Rc8+ 1-0

[Event "European Online Club-ch-F 2021"]
[Site "Online"]
[Date "2021.03.27"]
[Round "9.7"]
[White "Reizniece-Ozola, Dana"]
[Black "Jablonicky, Martin"]
[Result "0-1"]
[ECO "E62"]
[WhiteElo "2279"]
[BlackElo "2298"]
[Annotator "NA"]
[PlyCount "80"]
[EventDate "2021.03.27"]
[EventType "team-tourn"]
[EventCountry "NET"]
[SourceTitle "playchess.com"]
[Source "ChessBase"]
[SourceQuality "1"]
[TimeControl "900+5"]

1. c4 Nf6 2. g3 g6 3. Bg2 Bg7 4. Nf3 O-O 5. O-O Nc6 6. d4 d6 7. Nc3 Bg4 8. h3 Bxf3 9. Bxf3 Nd7 10. e3 e5 11. d5 Ne7 12. Bg2 a5 13. Rb1 f5 14. f4 Nc5 15. Qc2 Qd7 16. Kh2 e4 17. b3 Nd3 18. Rd1 c6 19. Bf1 Nb4 20. Qd2 cxd5 21. a3 d4 22. exd4 Nbc6 23. Nb5 d5 24. Bb2 Kh8 25. c5 g5 26. Qf2 gxf4 27. gxf4 Ng6 28. Nd6 Rf6 29. Be2 Rg8 30. Bh5 Bf8 31. Nb5 Nd8 32. a4 Ne6 33. Bxg6 Rfxg6 34. Rg1 Bh6 35. Rxg6 Bxf4+ 36. Kh1 Rxg6 37. Bc1 Bxc1 38. Rxc1 f4 39. Rg1 Ng5 40. Rg4 Nxh3 0-1

[Event "European Online Club-ch-F 2021"]
[Site "Online"]
[Date "2021.03.27"]
[Round "9.9"]
[White "Sochacki, Christophe"]
[Black "Kovalev, Vladislav"]
[Result "0-1"]
[ECO "D00"]
[WhiteElo "2477"]
[BlackElo "2648"]
[Annotator "ChessBase"]
[PlyCount "74"]
[EventDate "2021.03.27"]
[EventType "team-tourn"]
[EventCountry "NET"]
[SourceTitle "playchess.com"]
[Source "ChessBase"]
[SourceQuality "1"]
[TimeControl "900+5"]

1. d4 Nf6 2. Nc3 d5 3. Bf4 a6 4. e3 e6 5. g4 Bb4 6. f3 c5 7. a3 Bxc3+ 8. bxc3 Qa5 9. Qd2 Nc6 10. h4 Nd7 11. Bd6 Qb6 12. Ne2 Nxd4 13. cxd4 Qxd6 14. Kf2 b6 15. h5 Bb7 16. Rb1 cxd4 17. Nxd4 Qxa3 18. g5 Qd6 19. Bh3 Ne5 20. Qc3 Rc8 21. Qb3 b5 22. f4 Nc6 23. Nf3 h6 24. Qb2 d4 25. Kg3 hxg5 26. Nxg5 Rxh5 27. Ne4 Qd5 28. Bg2 Rxh1 29. Rxh1 Ke7 30. c3 dxe3 31. Qa3+ b4 32. cxb4 Qb5 33. Nc5 Qe2 34. Nd3 Nd4 35. b5+ Kf6 36. Qb2 Qxb2 37. Nxb2 Bxg2 0-1

[Event "European Online Club-ch-F 2021"]
[Site "Online"]
[Date "2021.03.27"]
[Round "9.10"]
[White "Azarov, Sergei"]
[Black "Maatoug, Redwan"]
[Result "0-1"]
[ECO "B67"]
[WhiteElo "2604"]
[BlackElo "2202"]
[Annotator "ChessBase"]
[PlyCount "68"]
[EventDate "2021.03.27"]
[EventType "team-tourn"]
[EventCountry "NET"]
[SourceTitle "playchess.com"]
[Source "ChessBase"]
[SourceQuality "1"]
[TimeControl "900+5"]

1. e4 c5 2. Nf3 Nc6 3. d4 cxd4 4. Nxd4 Nf6 5. Nc3 d6 6. Bg5 e6 7. Qd2 a6 8. O-O-O Bd7 9. f4 h6 10. Bxf6 Qxf6 11. Nf3 Rd8 12. h4 h5 13. g3 g6 14. Ng5 Be7 15. Kb1 b5 16. Be2 Qg7 17. Bf3 Na5 18. Nxb5 Bxb5 19. Qxa5 O-O 20. a4 Bc4 21. e5 dxe5 22. fxe5 Rb8 23. Qc7 Ba3 24. Qxc4 Rxb2+ 25. Ka1 Qxe5 26. c3 Rc2 27. Ne4 Qb8 28. Rb1 Bb2+ 29. Ka2 Bxc3+ 30. Ka3 Bb2+ 31. Ka2 Rxc4 32. Rxb2 Rxa4+ 33. Kb1 Rb4 34. Rhh2 a5 0-1

[Event "European Online Club-ch-F 2021"]
[Site "Online"]
[Date "2021.03.27"]
[Round "9.11"]
[White "Cantin, Loic"]
[Black "Zhigalko, Andrey"]
[Result "0-1"]
[ECO "B30"]
[WhiteElo "2182"]
[BlackElo "2517"]
[Annotator "ChessBase"]
[PlyCount "64"]
[EventDate "2021.03.27"]
[EventType "team-tourn"]
[EventCountry "NET"]
[SourceTitle "playchess.com"]
[Source "ChessBase"]
[SourceQuality "1"]
[TimeControl "900+5"]

1. Nf3 c5 2. e4 Nc6 3. Bb5 Nf6 4. Nc3 Qc7 5. d3 d6 6. h3 e6 7. O-O Be7 8. e5 dxe5 9. Bxc6+ bxc6 10. Re1 Nd7 11. b3 O-O 12. Qe2 f6 13. Nd2 a5 14. Ba3 Nb8 15. Na4 Na6 16. c3 Rd8 17. Nc4 Rb8 18. Rad1 Bf8 19. Qe3 Rd5 20. Qg3 Rb7 21. Re4 Qd8 22. Nab2 Bd7 23. Qh4 Be8 24. Ne3 Nc7 25. Rc4 Nb5 26. Nxd5 Nxa3 27. Ra4 cxd5 28. Rxa3 c4 29. b4 axb4 30. cxb4 Rxb4 31. Rd2 c3 32. Rxc3 Rxh4 0-1

[Event "European Online Club-ch-F 2021"]
[Site "Online"]
[Date "2021.03.27"]
[Round "9.12"]
[White "Kazakouski, Valery"]
[Black "Saatdjian, Stephane"]
[Result "1/2-1/2"]
[ECO "E65"]
[WhiteElo "2476"]
[BlackElo "2131"]
[Annotator "ChessBase"]
[PlyCount "65"]
[EventDate "2021.03.27"]
[EventType "team-tourn"]
[EventCountry "NET"]
[SourceTitle "playchess.com"]
[Source "ChessBase"]
[SourceQuality "1"]
[TimeControl "900+5"]

1. d4 Nf6 2. Nf3 g6 3. c4 c5 4. g3 cxd4 5. Nxd4 Nc6 6. Bg2 Bg7 7. O-O O-O 8. Nc3 d6 9. Nxc6 bxc6 10. Bxc6 Rb8 11. Bg2 Qa5 12. Qd2 Qa6 13. b3 Rxb3 14. axb3 Qxa1 15. Nb5 a6 16. Bb2 Ne4 17. Rxa1 Nxd2 18. Bxg7 Kxg7 19. Nd4 f5 20. Rd1 Ne4 21. f3 Nc5 22. b4 Ne6 23. Nc6 Kf6 24. f4 Bb7 25. Ne5 dxe5 26. fxe5+ Kxe5 27. Bxb7 Rb8 28. Rd7 Kf6 29. c5 Nf8 30. Rc7 Ne6 31. Rd7 Nf8 32. Rc7 Ne6 33. Rd7 1/2-1/2

[Event "European Online Club-ch-F 2021"]
[Site "Online"]
[Date "2021.03.27"]
[Round "9.13"]
[White "Isik, Alparslan"]
[Black "Kovalenko, Igor"]
[Result "0-1"]
[ECO "A40"]
[WhiteElo "2321"]
[BlackElo "2643"]
[Annotator "ChessBase"]
[PlyCount "66"]
[EventDate "2021.03.27"]
[EventType "team-tourn"]
[EventCountry "NET"]
[SourceTitle "playchess.com"]
[Source "ChessBase"]
[SourceQuality "1"]
[TimeControl "900+5"]

1. d4 e6 2. c4 b6 3. Nf3 Bb7 4. g3 Bb4+ 5. Bd2 Bxf3 6. exf3 a5 7. Nc3 Ne7 8. d5 O-O 9. Bg2 e5 10. f4 exf4 11. Bxf4 Ng6 12. Be3 Bxc3+ 13. bxc3 d6 14. O-O Ne5 15. Qd4 Nbd7 16. f4 Ng4 17. Bd2 f5 18. Rae1 Nc5 19. Bc1 Qd7 20. Ba3 Rae8 21. Bxc5 bxc5 22. Qd3 g6 23. Re6 Kg7 24. Rfe1 Nf6 25. h3 h5 26. Bf3 Qd8 27. g4 hxg4 28. hxg4 fxg4 29. Bxg4 Rxe6 30. Rxe6 Re8 31. f5 Rxe6 32. dxe6 Nxg4 33. fxg6 Ne5 0-1

[Event "European Online Club-ch-F 2021"]
[Site "Online"]
[Date "2021.03.27"]
[Round "9.14"]
[White "Moiseenko, Alexander"]
[Black "Karaoglan, Doruk"]
[Result "1-0"]
[ECO "E70"]
[WhiteElo "2620"]
[BlackElo "2230"]
[Annotator "ChessBase"]
[PlyCount "85"]
[EventDate "2021.03.27"]
[EventType "team-tourn"]
[EventCountry "NET"]
[SourceTitle "playchess.com"]
[Source "ChessBase"]
[SourceQuality "1"]
[TimeControl "900+5"]

1. d4 Nf6 2. c4 g6 3. Nc3 Bg7 4. e4 d6 5. Bd3 Nc6 6. Nge2 e5 7. d5 Nd4 8. Nxd4 exd4 9. Ne2 O-O 10. O-O Nd7 11. Bf4 Re8 12. f3 a5 13. Rb1 Nc5 14. Bc2 f5 15. Nxd4 fxe4 16. fxe4 Nxe4 17. Ba4 Bg4 18. Qxg4 Bxd4+ 19. Kh1 Nf2+ 20. Rxf2 Bxf2 21. Bxe8 Qxe8 22. Bd2 Qe7 23. Bc3 b6 24. Rf1 Re8 25. Qf3 Bh4 26. Qf4 Rf8 27. Qxf8+ Qxf8 28. Rxf8+ Kxf8 29. g3 Bg5 30. Kg2 Ke7 31. b3 Bf6 32. Bd2 Be5 33. Kf3 Kf6 34. h3 h5 35. g4 h4 36. Ke4 g5 37. a4 Kg6 38. b4 axb4 39. Bxb4 Bf6 40. Bd2 Be7 41. a5 bxa5 42. Bxa5 Bd8 43. c5 1-0

[Event "European Online Club-ch-F 2021"]
[Site "Online"]
[Date "2021.03.27"]
[Round "9.15"]
[White "Ozturk, Efe Hakan"]
[Black "Smirin, Ilia"]
[Result "0-1"]
[ECO "E62"]
[WhiteElo "2030"]
[BlackElo "2614"]
[Annotator "ChessBase"]
[PlyCount "132"]
[EventDate "2021.03.27"]
[EventType "team-tourn"]
[EventCountry "NET"]
[SourceTitle "playchess.com"]
[Source "ChessBase"]
[SourceQuality "1"]
[TimeControl "900+5"]

1. Nf3 Nf6 2. c4 g6 3. g3 Bg7 4. Bg2 O-O 5. O-O d6 6. d4 Nc6 7. Nc3 Bf5 8. d5 Na5 9. Nd4 Bd7 10. Qd3 c5 11. dxc6 Nxc6 12. e3 Rc8 13. b3 Qa5 14. Bb2 Qh5 15. Nxc6 bxc6 16. Qe2 Bg4 17. f3 Bd7 18. e4 Qa5 19. Qe1 Be6 20. Rd1 Nd7 21. Kh1 Rfe8 22. Na4 Qxe1 23. Rfxe1 Bxb2 24. Nxb2 Nc5 25. Nd3 Nxd3 26. Rxd3 a5 27. f4 c5 28. e5 dxe5 29. Rxe5 Rc7 30. a4 Rb8 31. Bf3 Bf5 32. Rc3 Rd8 33. g4 Bc8 34. Kg2 Rd4 35. Kg3 e6 36. g5 Kf8 37. h4 Ke7 38. h5 Kd6 39. Ree3 Rd7 40. Rcd3 Kc7 41. Rxd4 Rxd4 42. hxg6 hxg6 43. Be4 Rd2 44. Kf3 Bd7 45. Rd3 Rh2 46. Kg3 Rb2 47. Kf3 Bc6 48. Bxc6 Kxc6 49. Ke4 Re2+ 50. Re3 Rxe3+ 51. Kxe3 Kd7 52. Kd3 Ke7 53. Ke3 f5 54. gxf6+ Kxf6 55. Ke4 Kf7 56. Ke3 Ke7 57. Kd3 e5 58. fxe5 Ke6 59. Ke4 g5 60. Kf3 Kxe5 61. Kg4 Kd4 62. Kxg5 Kc3 63. Kf4 Kxb3 64. Ke4 Kxa4 65. Ke5 Kb4 66. Kd5 a4 0-1

[Event "European Online Club-ch-F 2021"]
[Site "Online"]
[Date "2021.03.27"]
[Round "9.16"]
[White "Fridman, Daniel"]
[Black "Camlar, Arda"]
[Result "1/2-1/2"]
[ECO "D11"]
[WhiteElo "2601"]
[BlackElo "1934"]
[Annotator "ChessBase"]
[PlyCount "132"]
[EventDate "2021.03.27"]
[EventType "team-tourn"]
[EventCountry "NET"]
[SourceTitle "playchess.com"]
[Source "ChessBase"]
[SourceQuality "1"]
[TimeControl "900+5"]

1. d4 d5 2. c4 c6 3. Nf3 Nf6 4. Qb3 e6 5. Bf4 Nbd7 6. e3 Be7 7. Nc3 O-O 8. Rc1 Re8 9. Be2 Nf8 10. O-O Ng6 11. Bg3 Nh5 12. Rfd1 Nxg3 13. hxg3 Bd6 14. e4 dxe4 15. Nxe4 Bc7 16. Bd3 Bb6 17. Bb1 h6 18. Ne5 Nf8 19. c5 Bc7 20. Nc4 Qd5 21. Qc3 Rd8 22. Ned6 Qg5 23. f4 Qe7 24. Qf3 Rb8 25. b4 Bd7 26. Ne4 Be8 27. g4 f6 28. Ncd6 Bf7 29. a3 e5 30. Nxf7 Qxf7 31. dxe5 fxe5 32. f5 Nh7 33. Bc2 Qe7 34. Bb3+ Kh8 35. Qe3 Rxd1+ 36. Rxd1 Rd8 37. Rd3 Nf6 38. Rxd8+ Qxd8 39. Nxf6 Qxf6 40. Qe4 Qd8 41. Kf2 Qd2+ 42. Kf3 Bd8 43. Qc4 Qf4+ 44. Qxf4 exf4 45. Be6 Bf6 46. Bc8 Bb2 47. a4 Ba3 48. Bxb7 Bxb4 49. Bxc6 Bxc5 50. Kxf4 Kg8 51. g5 hxg5+ 52. Kxg5 Kf8 53. Kg6 Bd4 54. Bb5 Bc3 55. g4 Bd4 56. Bc4 Bc3 57. g5 Bd2 58. Be6 Bc1 59. Bd5 Bd2 60. Bc4 Bc1 61. a5 Bd2 62. a6 Bc1 63. f6 gxf6 64. Kxf6 Bb2+ 65. Ke6 Kg7 66. Bd3 Bd4 1/2-1/2

[Event "European Online Club-ch-F 2021"]
[Site "Online"]
[Date "2021.03.27"]
[Round "9.17"]
[White "Gorodetzky, Matan"]
[Black "Amin, Bassem"]
[Result "0-1"]
[ECO "C55"]
[WhiteElo "2253"]
[BlackElo "2695"]
[Annotator "ChessBase"]
[PlyCount "58"]
[EventDate "2021.03.27"]
[EventType "team-tourn"]
[EventCountry "NET"]
[SourceTitle "playchess.com"]
[Source "ChessBase"]
[SourceQuality "1"]
[TimeControl "900+5"]

1. e4 e5 2. Nf3 Nc6 3. Bc4 Nf6 4. d3 h6 5. a4 d6 6. h3 g6 7. O-O Bg7 8. Nc3 O-O 9. Be3 Be6 10. Re1 d5 11. exd5 Nxd5 12. Bc5 Re8 13. Bb5 Nxc3 14. bxc3 Bd5 15. Nd2 a6 16. Bc4 b6 17. Ba3 Kh7 18. Bxd5 Qxd5 19. Qf3 Qxf3 20. gxf3 Rad8 21. Bb2 f5 22. Re2 Kg8 23. Nb3 a5 24. c4 Bf8 25. Kf1 Kf7 26. Bc3 Bb4 27. Bxb4 Nxb4 28. Rae1 c5 29. Nd2 Nxc2 0-1

[Event "European Online Club-ch-F 2021"]
[Site "Online"]
[Date "2021.03.27"]
[Round "9.18"]
[White "Van Wely, Loek"]
[Black "Katkov, Michelle"]
[Result "1-0"]
[ECO "E12"]
[WhiteElo "2620"]
[BlackElo "2078"]
[Annotator "ChessBase"]
[PlyCount "47"]
[EventDate "2021.03.27"]
[EventType "team-tourn"]
[EventCountry "NET"]
[SourceTitle "playchess.com"]
[Source "ChessBase"]
[SourceQuality "1"]
[TimeControl "900+5"]

1. d4 Nf6 2. c4 e6 3. Nf3 b6 4. a3 Bb7 5. Nc3 d5 6. Bg5 dxc4 7. e4 Be7 8. Bxf6 Bxf6 9. e5 Be7 10. Bxc4 O-O 11. O-O c5 12. d5 exd5 13. Nxd5 Nc6 14. Re1 Na5 15. b3 a6 16. a4 Bc6 17. e6 Nxc4 18. exf7+ Rxf7 19. Nxe7+ Rxe7 20. Qxd8+ Rxd8 21. Rxe7 Na5 22. Ne5 Bd5 23. Rd1 Nxb3 24. Rxd5 1-0

[Event "European Online Club-ch-F 2021"]
[Site "Online"]
[Date "2021.03.27"]
[Round "9.19"]
[White "Stolyarsky, Yegor"]
[Black "Hamdouchi, Hicham"]
[Result "1-0"]
[ECO "E67"]
[WhiteElo "2063"]
[BlackElo "2561"]
[Annotator "ChessBase"]
[PlyCount "107"]
[EventDate "2021.03.27"]
[EventType "team-tourn"]
[EventCountry "NET"]
[SourceTitle "playchess.com"]
[Source "ChessBase"]
[SourceQuality "1"]
[TimeControl "900+5"]

1. d4 Nf6 2. Nf3 g6 3. c4 Bg7 4. g3 O-O 5. Bg2 d6 6. O-O Nbd7 7. Nc3 e5 8. e3 Re8 9. b3 c6 10. Bb2 a6 11. Ne1 e4 12. d5 c5 13. Qc2 Qe7 14. Rb1 Nf8 15. Ba1 Bf5 16. b4 N8d7 17. Na4 b5 18. cxb5 axb5 19. Nc3 cxb4 20. Rxb4 Rec8 21. Rxb5 Qe5 22. Qd2 Ne8 23. f4 exf3 24. Nxf3 Qe7 25. Nd4 Ne5 26. Nc6 Nxc6 27. dxc6 Nc7 28. Rb7 Be6 29. Nd5 Bxd5 30. Bxd5 Rf8 31. Bxg7 Kxg7 32. Qd4+ f6 33. a4 h5 34. a5 Kh6 35. Ra1 Ra6 36. Qe4 Qd8 37. Bc4 d5 38. Qf4+ g5 39. Qxc7 Qxc7 40. Rxc7 dxc4 41. Rc1 Rxa5 42. Rxc4 Ra2 43. Rd7 Re8 44. c7 Rxe3 45. Rc1 Ree2 46. c8=Q Rg2+ 47. Kf1 Rgf2+ 48. Ke1 Rxh2 49. Qh8+ Kg6 50. Qg8+ Kf5 51. Rd5+ Kg4 52. Qe6+ Kxg3 53. Rd3+ Kh4 54. Rc4+ 1-0

[Event "European Online Club-ch-F 2021"]
[Site "Online"]
[Date "2021.03.27"]
[Round "9.20"]
[White "Delorme, Axel"]
[Black "Gleizer, Adar"]
[Result "1/2-1/2"]
[ECO "C88"]
[WhiteElo "2480"]
[BlackElo "1833"]
[Annotator "ChessBase"]
[PlyCount "97"]
[EventDate "2021.03.27"]
[EventType "team-tourn"]
[EventCountry "NET"]
[SourceTitle "playchess.com"]
[Source "ChessBase"]
[SourceQuality "1"]
[TimeControl "900+5"]

1. e4 e5 2. Nf3 Nc6 3. Bb5 a6 4. Ba4 Nf6 5. d3 b5 6. Bb3 Be7 7. O-O O-O 8. Re1 d6 9. c3 Nb8 10. a4 Bb7 11. Nbd2 Nbd7 12. Bc2 Re8 13. Nf1 Bf8 14. Ng3 g6 15. b4 Bg7 16. Bb3 d5 17. Be3 c6 18. Qc2 Rc8 19. Qa2 Re7 20. h4 Qc7 21. Bc5 Nxc5 22. bxc5 Rd8 23. h5 Bc8 24. hxg6 hxg6 25. Rad1 Bg4 26. axb5 axb5 27. Ra1 dxe4 28. Nxe4 Bxf3 29. gxf3 Rxd3 30. Rad1 Rxd1 31. Rxd1 Nxe4 32. Qa8+ Kh7 33. fxe4 Rd7 34. Qe8 Rxd1+ 35. Bxd1 Bf6 36. Bg4 Kg7 37. Bd7 Qa5 38. Bxc6 Qa1+ 39. Kg2 Qd1 40. Qd7 Qxd7 41. Bxd7 Be7 42. c6 Bd6 43. Bc8 b4 44. cxb4 Bxb4 45. Be6 Ba5 46. Bd5 f5 47. exf5 gxf5 48. Kf3 Kf6 49. Ke2 1/2-1/2